 Dungeon Sprint DCSS version 0.19.1 (webtiles) character file.

3262 dvd the Cleaver (level 9, -8/93 HPs)
             Began as a Minotaur Fighter on Dec 23, 2016.
             Was an Elder of Okawaru.
             Killed by an exploding ballistomycete spore (32 damage)
             ... in the Dungeon (Sprint I: "Red Sonja").
             The game lasted 00:03:44 (1056 turns).

dvd the Cleaver (Minotaur Fighter)                  Turns: 1056, Time: 00:03:45

Health: -8/93      AC:  9    Str: 24    XL:     9   Next: 68%
Magic:  9/9        EV: 13    Int:  5    God:    Okawaru [****..]
Gold:   495        SH:  0    Dex: 10    Spells: 0 memorised, 8 levels left

rFire  . . .     SeeInvis .     a - +0 war axe
rCold  . . .     Gourm    .     b - +0 scale mail
rNeg   . . .     Faith    .     c - +0 shield
rPois  .         Spirit   .     (helmet restricted)
rElec  .         Reflect  .     (no cloak)
rCorr  .         Harm     .     (no gloves)
MR     .....     NoTele   +     (no boots)
Stlth  ..........               (no amulet)
                                (no ring)
                                (no ring)

@: confused
A: retaliatory headbutt, horns 2
a: Heroism, Renounce Religion


You were in the Dungeon.
You worshipped Okawaru.
Okawaru was greatly pleased with you.
You were hungry.

You visited 1 branch You collected 681 gold pieces.
You spent 186 gold pieces at shops.

Inventory:

Hand Weapons
 a - a +0 war axe (weapon)
Armour
 b - a +0 scale mail (worn)
 c - a +0 shield (worn)
Scrolls
 k - a scroll of blinking
 l - a scroll of remove curse {unknown}
 m - a scroll of identify {unknown}
Potions
 e - 3 potions of curing
 g - a potion of heal wounds
 h - a potion of haste
 i - 2 potions of magic
 j - a potion of berserk rage
Comestibles
 f - a bread ration


   Skills:
 + Level 13.2 Fighting
 + Level 13.9 Axes
 + Level 11.7 Armour
 + Level 7.6 Dodging
 + Level 0.5 Stealth
 + Level 12.7 Shields
 + Level 1.5 Invocations


You had 8 spell levels left.
You didn't know any spells.

Dungeon Overview and Level Annotations

Branches:
Dungeon (1/1)

Altars:
Cheibriados
Dithmenos
Elyvilon
Fedhas
Gozag
Hepliaklqana
Kikubaaqudgha
Makhleb
Nemelex Xobeh
Okawaru
Qazlal
Ru
Sif Muna
Trog
Uskayaw
Vehumet
Xom
Yredelemnul
Zin
The Shining One
Jiyva
Lugonu

Shops:
D *


Innate Abilities, Weirdness & Mutations

You reflexively headbutt those who attack you in melee.
You have a pair of horns on your head.


Message History

You start resting.
You feel sick. x18
You are no longer poisoned.
You start resting.
You are feeling hungry.
You now have 468 gold pieces (gained 27).
You now have 495 gold pieces (gained 27).
You open the door. 2 ballistomycete spores come into view.
The ballistomycete spore waves its rhizomes.
Found five items.
You hit the ballistomycete spore but do no damage.
The ballistomycete spore explodes!
The explosion of spores engulfs you!
You are confused.
* * * LOW HITPOINT WARNING * * *
The explosion of spores engulfs the ballistomycete spore.
The ballistomycete spore explodes!
The explosion of spores engulfs you!
You are more confused.
You die...

#..#__####.(##.#
#+##
#..#_____##'#..+
#⌠⌠#_.∩...'..._#
####_..__##_.#'#
#_____###)#.#
#########.###
+.(.+ #..(#
##@## #'# !$!


$)=($ ####### There were no monsters in sight!

Vanquished Creatures
  Sonja (D)
  A lindwurm (D)
  2 kobold demonologists (D)
  4 demonic crawlers (D)
  A slime creature (D)
  Sigmund (D)
  A yak (D)
  A floating eye (D)
  An ogre (D)
  A jelly (D)
  Ijyb (D)
15 creatures vanquished.

Vanquished Creatures (others)
  A hornet (D)
1 creature vanquished.

Grand Total: 16 creatures vanquished

Notes
Turn   | Place    | Note
-------+----------+-------------------------------------------
     0 | D        | dvd the Minotaur Fighter began the quest for the Orb.
     0 | D        | Reached XP level 1. HP: 19/19 MP: 0/0
     1 | D        | Noticed Ijyb
     9 | D        | Killed Ijyb
     9 | D        | Reached skill level 5 in Fighting
     9 | D        | Reached skill level 5 in Armour
     9 | D        | Reached skill level 5 in Shields
     9 | D        | Reached XP level 2. HP: 29/29 MP: 1/1
    13 | D        | Noticed an ogre
    16 | D        | Killed an ogre
    16 | D        | Reached XP level 3. HP: 21/40 MP: 2/2
    16 | D        | Reached XP level 4. HP: 26/48 MP: 3/3
   154 | D        | Noticed Sigmund
   163 | D        | Killed Sigmund
   163 | D        | Reached skill level 5 in Axes
   163 | D        | Reached skill level 1 in Dodging
   163 | D        | Reached XP level 5. HP: 39/57 MP: 4/4
   163 | D        | Reached XP level 6. HP: 44/64 MP: 5/5
   273 | D        | Found a deep blue altar of Sif Muna.
   275 | D        | Found a radiant altar of Vehumet.
   398 | D        | Found Ceumomn's Assorted Antiques.
   398 | D        | Found an ancient bone altar of Kikubaaqudgha.
   398 | D        | Found a hazy altar of Hepliaklqana.
   398 | D        | Found a stormy altar of Qazlal.
   398 | D        | Found a hide-covered altar of Uskayaw.
   398 | D        | Found a blossoming altar of Fedhas.
   398 | D        | Found a bloodstained altar of Trog.
   398 | D        | Found an iron altar of Okawaru.
   398 | D        | Found a basalt altar of Yredelemnul.
   398 | D        | Found a glowing golden altar of the Shining One.
   398 | D        | Found a snail-covered altar of Cheibriados.
   398 | D        | Found a sacrificial altar of Ru.
   398 | D        | Found a glowing silver altar of Zin.
   398 | D        | Found a shadowy altar of Dithmenos.
   398 | D        | Found a white marble altar of Elyvilon.
   398 | D        | Noticed a yak
   407 | D        | Killed a yak
   407 | D        | Reached skill level 10 in Fighting
   408 | D        | Found an opulent altar of Gozag.
   409 | D        | Found a sparkling altar of Nemelex Xobeh.
   455 | D        | Became a worshipper of Warmaster Okawaru
   475 | D        | Found a burning altar of Makhleb.
   475 | D        | Found a viscous altar of Jiyva.
   475 | D        | Found a shimmering altar of Xom.
   475 | D        | Found a corrupted altar of Lugonu.
   475 | D        | Noticed a slime creature
   486 | D        | Killed a slime creature
   486 | D        | Reached skill level 10 in Shields
   486 | D        | Reached XP level 7. HP: 42/74 MP: 6/6
   644 | D        | Noticed a kobold demonologist
   655 | D        | Noticed a red devil
   658 | D        | Killed a kobold demonologist
   658 | D        | Reached * piety under Okawaru
   658 | D        | Reached skill level 10 in Armour
   660 | D        | Reached skill level 10 in Axes
   661 | D        | Noticed a kobold demonologist
   661 | D        | Noticed a demonic crawler
   661 | D        | Noticed a demonic crawler
   661 | D        | Noticed a demonic crawler
   661 | D        | Noticed a demonic crawler
   668 | D        | Killed a kobold demonologist
   668 | D        | Reached XP level 8. HP: 74/83 MP: 4/7
   672 | D        | Killed a demonic crawler
   672 | D        | Reached ** piety under Okawaru
   672 | D        | Reached skill level 5 in Dodging
   674 | D        | Killed a demonic crawler
   677 | D        | Killed a demonic crawler
   677 | D        | Reached *** piety under Okawaru
   677 | D        | Reached XP level 9. HP: 34/91 MP: 3/8
   679 | D        | Killed a demonic crawler
   920 | D        | Noticed a lindwurm
   927 | D        | Killed a lindwurm
   927 | D        | Reached skill level 1 in Invocations
   969 | D        | Bought a potion of curing for 93 gold pieces
   969 | D        | Bought a potion of curing for 93 gold pieces
   974 | D        | Noticed Sonja
   990 | D        | Killed Sonja
   990 | D        | Reached **** piety under Okawaru
  1056 | D        | Killed by an exploding ballistomycete spore

Skill      XL: |  1  2  3  4  5  6  7  8  9 |
---------------+----------------------------+-----
Fighting       | 5 7 9 11 12 13 | 13.2
Axes           | 3 5 8 10 12 13 | 13.9
Armour         | 5 6 8 9 10 11 | 11.7
Shields        | 5 7 8 10 11 12 | 12.7
Dodging        | 1 2 4 6 7 |  7.6
Invocations    | 1 |  1.5
Stealth        | |  0.5

Action                   |  1- 3 |  4- 6 |  7- 9 || total
-------------------------+-------+-------+-------++-------
Melee: War axe           |    10 |    31 |    39 ||    80
       Headbutt          |     2 |     5 |     5 ||    12
Invok: Heroism           |       |       |     4 ||     4
  Use: Potion            |       |       |     1 ||     1
Armor: Scale mail        |     3 |       |    28 ||    31
Dodge: Dodged            |     3 |     6 |    41 ||    50
Block: Shield            |     4 |    15 |    60 ||    79
